[Event "*** Titled Tuesday Blitz"]
[Site "Chess.com"]
[Date "2020.05.19"]
[Round "1"]
[White "vaishali2001"]
[Black "almaguerjm"]
[Result "1-0"]
[WhiteElo "2634"]
[BlackElo "2333"]
[TimeControl "180+1"]
[EndTime "12:08:56 PDT"]
[Termination "vaishali2001 won on time"]

1. e4 e5 2. Nf3 Nc6 3. Bb5 a6 4. Ba4 Nf6 5. d3 b5 6. Bb3 d6 7.
a4 Bb7 8. axb5 axb5 9. Rxa8 Qxa8 10. Ng5 Nd8 11. O-O h6 12. Nf3 Be7 13. Nh4 Ne6 14. Nf5 Bf8 15. f4 exf4 16. Bxf4 Nxf4 17. Rxf4 Qa7+ 18.
Kh1 Bc8 19. Nc3 c6 20. h3 Be6 21. Bxe6 fxe6 22. Nh4 Be7 23. Ng6 Rg8 24. Rf1 Qd4 25. Qa1 Kf7 26. Nxe7 Kxe7 27. Qa6 Rd8 28. Qxc6 b4 29.
Nb5 Qxb2 30. d4 b3 31. cxb3 Qxb3 32. e5 dxe5 33. dxe5 Rd5 34. exf6+ gxf6 35. Qc7+ Rd7 36. Qc5+ Kf7 37. Nd6+ Kg6 38. Ne4 f5 39. Qc6 Qd5 40.
Qxd5 Rxd5 41. Nf2 Rd2 42. Kg1 e5 43. Ra1 f4 44. Ne4 Re2 45. Ra4 Kf5 46. Nd6+ Ke6 47. Nc4 e4 48. Kf1 f3 49. gxf3 exf3 50. Ra3 Rc2 51. Ne3 Rh2 52. Ra6+ Kf7 53. Rxh6 Kg7 54.
Rh4 Re2 55. Nf5+ Kg6 56. Nd4 Rh2 57. Nxf3 Rh1+ 58. Kg2 Ra1 59. Rd4 Kh5 60. Kg3 Ra5 61.
Re4 Kh6 62. Re5 Ra3 63. h4 Ra4 64. Rf5 Ra7 65. Kg4 Ra4+ 66. Rf4 Ra8 67. Rf6+ Kh7 68.
Ng5+ Kg7 69. Rc6 Kg8 70. Kh5 Rf8 71. Kg6 Re8 72. Rc7 Kf8 73. Rh7 1-0

[Event "*** Titled Tuesday Blitz"]
[Site "Chess.com"]
[Date "2020.05.19"]
[Round "1"]
[White "ValeriyGrinev"]
[Black "DDTerziev04"]
[Result "1-0"]
[WhiteElo "2559"]
[BlackElo "2259"]
[TimeControl "180+1"]
[EndTime "12:08:59 PDT"]
[Termination "ValeriyGrinev won on time"]

1. c4 Nf6 2. Nc3 g6 3. g3 Bg7 4. Bg2 O-O 5. d3 d6 6. Bg5 Nc6 7. Qc1 e5 8. h4 h5 9. Nf3 Re8 10. Nd2 Ne7 11. O-O c6 12. Nde4 Nxe4 13. dxe4 Be6 14. b3 f5 15. Rd1 Qc7 16. Qa3 Nc8 17.
Rac1 Rf8 18. e3 Qf7 19. Rd2 b6 20. Qa4 Bd7 21. exf5 gxf5 22. Bxc6 Bxc6 23. Qxc6 Rb8 24. Qd5 Qxd5 25. Nxd5 Rb7 26. Rcd1 Rff7 27. Nc3 Bf8 28. a4 a6 29. Kg2 Kg7 30. Nd5 Kg6 31. f3 Bh6 32. Bxh6 Kxh6 33. Nc3 Kg6 34. e4 f4 35. gxf4 Rxf4 36. Rg1 Kf7 37. Ne2 Rf6 38. Kf2 Ke8 39.
Ke3 Rbf7 40. Rg8+ Ke7 41. Ng1 Kd7 42. Rdg2 Ne7 43. R8g7 Nc6 44. Rxf7+ Rxf7 45. Ne2 a5 46. Rg5 Nb4 47. Rxh5 Nc2+ 48. Kd2 Nb4 49. Rf5 Rh7 50.
h5 Nc6 51. Ke3 Ne7 52. Rg5 Kc6 53.
f4 Kc5 54. fxe5 dxe5 55. Rxe5+ Kc6 56. Nd4+ Kd7 57. Re6 Rxh5 58. Rxb6 Rh3+ 59. Kf2 Nc8 60. Rb5 Nd6 61. Rd5 Ke7 62. Nf5+ Nxf5 63. exf5 Rxb3 64. Rxa5 Rb4 65. Ke3 Rxc4 66. Kd3 Rb4 67. Kc3 Rb1 68. Rb5 Ra1 69. Kb4 Kf6 70. Ka5 Rc1 71. Rd5 Ra1 72. Kb5 Ra2 73. a5 Rb2+ 74. Ka6 Rb3 75. Ka7 Rb2 76. a6 Rb3 77. Ka8 Rb2 78. a7 Rb3 79.
Rd7 Kxf5 80. Rb7 1-0

[Event "*** Titled Tuesday Blitz"]
[Site "Chess.com"]
[Date "2020.05.19"]
[Round "1"]
[White "ramses135"]
[Black "Shivagami"]
[Result "1/2-1/2"]
[WhiteElo "2505"]
[BlackElo "2175"]
[TimeControl "180+1"]
[EndTime "12:08:59 PDT"]
[Termination "Game drawn by repetition"]

1. e4 c5 2. Nf3 d6 3. d4 cxd4 4. Nxd4 Nf6 5. Nc3 a6 6. Be2 e5 7. Nb3 Be6 8. O-O Be7 9. Be3 O-O 10. Qd2 Nbd7 11. a4 Nb6 12. a5 Nc4 13. Bxc4 Bxc4 14.
Rfd1 Rc8 15. Nc1 Be6 16. Nd3 Ng4 17. Bb6 Qd7 18. f3 Nf6 19. Nb4 h6 20. Rac1 Rc4 21. Ncd5 Nxd5 22. Nxd5 Bg5 23. Be3 Bxd5 24. Bxg5 Bxe4 25.
Bxh6 Bg6 26. Be3 Rd8 27. b3 Rc6 28. c4 f6 29. h3 Bf7 30. Qb4 d5 31. cxd5 Rxc1 32.
Bxc1 Bxd5 33. Qb6 Qd6 34. Be3 Qxb6 35. Bxb6 Rd7 36. b4 Bc6 37. Rc1 Kf7 38. Rc2 Ke6 39. Kf2 Rd3 40. h4 Kd5 41. h5 Ke6 42. Ke2 Rb3 43. Bc5 Kf5 44. Kf2 Kg5 45. Bf8 Kxh5 46.
Bxg7 Kg6 47. Bf8 Kf7 48. Bc5 Ke6 49. Rd2 f5 50. Rd6+ Kf7 51. Rd2 f4 52. Re2 Ke6 53. Bd4 Rxb4 54. Bxe5 Kf5 55. Bc7 Bb5 56. Rd2 Bc4 57. Bb6 Ra4 58. Rc2 Ra2 59. Rxa2 Bxa2 60. Bc7 Bc4 61. g3 fxg3+ 62. Kxg3 Bb5 63. Bb6 Bc6 64. Kf2 Bb5 65. Kg3 Bc6 66. Kf2 Bb5 67. Kg3 1/2-1/2

[Event "*** Titled Tuesday Blitz"]
[Site "Chess.com"]
[Date "2020.05.19"]
[Round "1"]
[White "Aya5ian"]
[Black "LionTheLeon_06"]
[Result "0-1"]
[WhiteElo "2352"]
[BlackElo "2661"]
[TimeControl "180+1"]
[EndTime "12:09:00 PDT"]
[Termination "LionTheLeon_06 won on time"]

1. e4 c5 2. Nf3 d6 3. d4 cxd4 4.
Nxd4 Nf6 5. Nc3 a6 6. Be2 e5 7.
Nb3 Be7 8. g4 h6 9. Be3 b6 10.
f3 Bb7 11. Nd5 Bxd5 12. exd5 Nbd7 13. a4 Nh7 14. Bf2 Bh4 15. Bd3 Bxf2+ 16. Kxf2 Nhf6 17. c4 e4 18. fxe4 Ne5 19. h3 h5 20. g5 Nh7 21.
h4 Nf8 22. Nd4 Nfg6 23. Nf5 Ng4+ 24. Kg3 O-O 25. Be2 N6e5 26. Qd4 f6 27. Rhf1 fxg5 28. Bxg4 gxh4+ 29. Nxh4 Qg5 30. Nf5 Rf6 31. Kh2 Nxg4+ 32. Kg1 Ne3+ 33. Kf2 Nxf1 34. Rxf1 Rxf5+ 35. exf5 Qxf5+ 36. Kg1 Qg6+ 37. Kh2 Re8 38. Rg1 Re2+ 39. Kh1 Qe4+ 40.
Qxe4 Rxe4 41. b3 a5 42. Rg5 h4 43. Rg6 Re1+ 44. Kh2 Re3 45. Rxd6 Rxb3 46. Rc6 Kf7 47.
d6 Ke6 48. c5 Kd5 49. Rc7 Ke6 50.
Re7+ Kf6 51. Rb7 Rc3 52. cxb6 Ke6 53. Rc7 Rb3 54. d7 Ke7 55. b7 g5 56. Rc5 Rb2+ 57.
Kh3 Rb3+ 58. Kg4 Kxd7 59. Rxg5 Rxb7 60. Rxa5 Rb4+ 61. Kh3 Kc6 62. Rh5 Rxa4 63. Rxh4 Ra2 64. Rg4 Kd5 65. Kh4 Ke6 66. Rg5 Kf6 67. Rg4 Rh2+ 68. Kg3 Rh8 69. Rf4+ Ke5 70. Rg4 Ra8 71. Rg6 Ra3+ 72. Kh4 Ra4+ 73. Kh5 Kf5 0-1

[Event "*** Titled Tuesday Blitz"]
[Site "Chess.com"]
[Date "2020.05.19"]
[Round "1"]
[White "GMStefanova"]
[Black "ASVZ"]
[Result "0-1"]
[WhiteElo "2607"]
[BlackElo "2361"]
[TimeControl "180+1"]
[EndTime "12:09:01 PDT"]
[Termination "ASVZ won on time"]

1. d4 e6 2. Nf3 f5 3. g3 b6 4. Bg2 Bb7 5. O-O Nf6 6. c4 g6 7. Nc3 Bg7 8. d5 O-O 9. Bf4 Na6 10. dxe6 dxe6 11. Qxd8 Rfxd8 12. Rfd1 Ne4 13. Be5 Nxc3 14. Bxc3 Bxc3 15. bxc3 Nc5 16. Ne5 Bxg2 17. Kxg2 Kg7 18. Nc6 Rd6 19. Rxd6 cxd6 20. Rd1 Nb7 21. Nd4 Kf6 22. Nb5 Ke7 23. Rd4 a6 24. Na3 Rc8 25. Rd1 Na5 26. Rb1 Rc6 27. Rb4 Kd7 28. h3 Kc7 29. g4 Nb7 30. gxf5 gxf5 31. Kf3 Nc5 32. Rb1 Ne4 33. Rg1 Kb8 34. Rg8+ Rc8 35. Rxc8+ Kxc8 36.
Nb1 Kc7 37. Ke3 Kc6 38. f3 Ng5 39. h4 Nf7 40. Nd2 Kc5 41. f4 h5 42. Kd3 Nh8 43.
Nb3+ Kc6 44. Nd4+ Kd7 45. e3 Ng6 46. Nf3 Kc6 47. Nd4+ Kd7 48. Nf3 Ke7 49. a4 e5 50.
fxe5 dxe5 51. e4 f4 52. Kc2 Kd6 53. Kd3 Kc5 54. Ng5 Nxh4 55. Nf7 Ng6 56. Ng5 h4 57. Nh3 f3 58. Ke3 Kxc4 59. Kxf3 Kxc3 60. Kg4 Kd4 61.
Kf5 Nf4 62. Ng5 h3 63. Nf3+ Ke3 64. Nxe5 Nd3 65. Ng4+ Kf3 66. e5 Nc5 67. Kg5 Kg3 68.
Kf5 b5 69. axb5 axb5 70. Ne3 b4 71. e6 Nxe6 72. Kxe6 h2 73. Nf1+ Kg2 74. Nxh2 Kxh2 75. Kd5 b3 0-1

[Event "*** Titled Tuesday Blitz"]
[Site "Chess.com"]
[Date "2020.05.19"]
[Round "1"]
[White "rakshi2005"]
[Black "RestartingChess"]
[Result "1-0"]
[WhiteElo "2283"]
[BlackElo "2549"]
[TimeControl "180+1"]
[EndTime "12:09:04 PDT"]
[Termination "rakshi2005 won by checkmate"]

1. e4 d5 2. exd5 Qxd5 3. Nc3 Qd6 4. d4 Nf6 5. Nf3 Nc6 6. g3 a6 7. Bg2 Bg4 8. O-O e6 9. Bf4 Qd8 10. h3 Bh5 11. Re1 Be7 12. Qd2 O-O 13. Ne5 Nd5 14. Nxc6 bxc6 15. Ne2 Rb8 16. c4 Nb6 17. b3 c5 18. d5 Bf6 19. Rad1 e5 20. Be3 Qd6 21.
g4 Bg6 22. Ng3 Nd7 23. Be4 Bh4 24. Bxg6 hxg6 25. Ne4 Qe7 26. d6 cxd6 27. Qxd6 Qxd6 28. Rxd6 Rb7 29. Nxc5 Nxc5 30. Bxc5 Bf6 31. Rd5 Re8 32. f3 Rc7 33. Bd6 Rc6 34. Bxe5 Rce6 35. f4 g5 36. Red1 gxf4 37. Bxf4 Re2 38. R5d2 Bc3 39. Rxe2 Rxe2 40. a3 Ra2 41. Bd6 Bb2 42. a4 Bc3 43. Rb1 f6 44. b4 Rxa4 45. b5 axb5 46. cxb5 Bd4+ 47. Kg2 Bb6 48. Rc1 Ra2+ 49. Kf3 Rb2 50.
Rc8+ Kf7 51. Rb8 Ba5 52. Bc5 Ke6 53. b6 Kd5 54. Be3 Kc6 55. Rc8+ Kb7 56. Rc7+ Ka6 57. Ra7+ Kb5 58. b7 Ka4 59. Bf4 Rb3+ 60. Kg2 Rb2+ 61. Kg3 Rxb7 62. Rxb7 Be1+ 63. Kf3 g5 64. Rf7 f5 65.
gxf5 Bd2 66. Ke4 Bxf4 67. f6 Kb5 68. Rb7+ Kc6 69. f7 Kxb7 70. f8=Q Kc6 71. Qf7 Kd6 72. Kf5 Kc5 73. Kg4 Kd4 74. Qf5 Ke3 75. h4 gxh4 76. Qxf4+ Kd3 77. Kxh4 Ke2 78. Kg3 Kd3 79. Qf3+ Kd2 80.
Kf4 Ke1 81. Qe3+ Kf1 82. Qd2 Kg1 83. Qe2 Kh1 84. Kg3 Kg1 85. Qe1# 1-0

[Event "*** Titled Tuesday Blitz"]
[Site "Chess.com"]
[Date "2020.05.19"]
[Round "1"]
[White "Sparklechess"]
[Black "DivyaDeshmukh23"]
[Result "1/2-1/2"]
[WhiteElo "1764"]
[BlackElo "2457"]
[TimeControl "180+1"]
[EndTime "12:09:04 PDT"]
[Termination "Game drawn - timeout vs insufficient material"]

1. d4 Nf6 2. c4 e6 3. Nc3 Bb4 4. e3 d5 5. a3 Bxc3+ 6. bxc3 O-O 7. cxd5 exd5 8. Bd3 c5 9. Ne2 Nc6 10. f3 Be6 11. O-O Qd7 12. Bc2 Bf5 13. Ng3 Bxc2 14. Qxc2 Rac8 15. Qd3 Rfe8 16. Bb2 Na5 17. Rad1 Nc4 18.
Bc1 cxd4 19. cxd4 Rc6 20. e4 Rec8 21. e5 Ne8 22. f4 Nc7 23. f5 f6 24. exf6 Rxf6 25. Bg5 Rf7 26. f6 g6 27. h4 Ne6 28.
Bh6 Qd6 29. h5 g5 30. Nf5 Qxa3 31. Ne7+ Rxe7 32. fxe7 Qxe7 33. Qf5 Ne3 34. Qe5 Nxd1 35. Rxd1 Rc6 36. Bxg5 Qxg5 37. Re1 Qxe5 38. Rxe5 Nxd4 39. Re8+ Kf7 40. Rd8 Rc7 41. Rxd5 Ne6 42. Ra5 b6 43. Ra6 Nc5 44. Ra3 Kg7 45. Kf2 Kh6 46. Rh3 Kg5 47.
Kf3 Rf7+ 48. Ke3 a5 49. Kd2 Kg4 50. Ra3 Rf2+ 51. Ke3 Rxg2 52. Kd4 Rd2+ 53. Ke5 Rb2 54. Kf6 Rb4 55. Kg7 Kxh5 56. Kxh7 Kg4 57. Kg7 a4 58. Kf7 Rb3 59. Ra2 a3 60. Ke7 Rb2 61. Rxa3 Rd2 62. Ra7 Rd7+ 63. Kf6 Rxa7 64. Ke5 1/2-1/2

[Event "*** Titled Tuesday Blitz"]
[Site "Chess.com"]
[Date "2020.05.19"]
[Round "1"]
[White "Vesper2018"]
[Black "FontVella8"]
[Result "0-1"]
[WhiteElo "2239"]
[BlackElo "2550"]
[TimeControl "180+1"]
[EndTime "12:09:05 PDT"]
[Termination "FontVella8 won by resignation"]

1. e4 c6 2. d4 d5 3. Nc3 dxe4 4. Nxe4 Nf6 5. Nxf6+ exf6 6. c3 Bd6 7. Bd3 Be6 8. Ne2 Qc7 9. Be3 Nd7 10. Qd2 O-O-O 11.
O-O-O Bxa2 12. b4 Bb3 13. Rde1 Nb6 14. Qb2 Bc4 15. Bf5+ Kb8 16. Qa3 g6 17. Bc2 Nd5 18.
Kb2 Rhe8 19. Nc1 a5 20. Qxa5 b6 21. Qa1 Kb7 22. Nb3 Ra8 23. Qc1 f5 24. g3 Ra7 25.
Qd2 Rea8 26. Ra1 Qe7 27. Rxa7+ Rxa7 28. Ra1 Rxa1 29. Kxa1 h5 30. Kb2 Qe6 31. Nc1 h4 32.
Bb3 Nf6 33. Bxc4 Qxc4 34. Qd3 b5 35. Qxc4 bxc4 36. Bg5 hxg3 37. fxg3 Ng4 38. h3 Nf2 39. Ne2 Nxh3 40. Bf6 Nf2 41. Kc2 Ne4 42. Be5 f6 43. Bxd6 Nxd6 44. Nf4 g5 45. Nh5 Ne4 46. Kb2 Kc7 47. Kc2 Kd6 48. Kb2 Ke7 49. Kc2 Kf7 50. d5 cxd5 51. b5 Kg6 52. g4 fxg4 53. b6 Nd6 54.
Ng3 f5 55. Ne2 f4 56. Nd4 g3 57. Kd2 g2 58. Nf3 g4 59. Nh4+ Kg5 60. Nxg2 g3 61. Ke2 Kg4 62. Ne1 Nb7 63. Nf3 Nc5 64. Ne5+ Kh3 65. Kf3 g2 66. Kf2 Ne4+ 67. Kg1 Nd6 68. Nf3 Kg3 69. Ne1 f3 70. Nxg2 f2+ 71. Kf1 Ne4 72. b7 Nd2+ 73. Ke2 f1=Q+ 74. Kxd2 Qxg2+ 75. Ke3 Qf3+ 76. Kd4 Qf4+ 77. Kc5 Qb8 78. Kc6 Kf4 0-1

[Event "*** Titled Tuesday Blitz"]
[Site "Chess.com"]
[Date "2020.05.19"]
[Round "1"]
[White "Pedrada88"]
[Black "Lagmantr"]
[Result "0-1"]
[WhiteElo "2355"]
[BlackElo "2675"]
[TimeControl "180+1"]
[EndTime "12:09:07 PDT"]
[Termination "Lagmantr won on time"]

1. Nf3 d5 2. g3 Nf6 3. Bg2 g6 4. d4 Bg7 5. c4 O-O 6. cxd5 Nxd5 7. O-O Nb6 8. Nc3 Nc6 9. d5 Bxc3 10. bxc3 Qxd5 11.
Nd4 Qc4 12. Nxc6 bxc6 13. Bh6 Re8 14. Qb3 Qxb3 15. axb3 Bb7 16. Rfd1 a6 17. c4 Red8 18. h4 f6 19. Be3 Kf7 20. f4 h5 21. Kf2 e6 22. Bf3 Rab8 23. Bd4 Nd7 24. Ba7 Ra8 25.
Bd4 Rdb8 26. Bc3 Ke8 27. Be4 f5 28. Bf3 c5 29. Ra3 Bxf3 30. Kxf3 Rb7 31. e3 Ke7 32. Be5 Nxe5+ 33. fxe5 Rb6 34. Kf4 Rab8 35. Rd3 Rd8 36. Rxd8 Kxd8 37. Kg5 Ke7 38. Kxg6 Rb8 39. Rxa6 Rg8+ 40.
Kxh5 Rxg3 41. Rc6 Kd7 42. Rxc5 Rxe3 43. b4 Rb3 44. Kg5 Rxb4 45. h5 Rb1 46. h6 Rg1+ 47. Kf6 Rh1 48. Kg7 f4 49. Ra5 Kc6 50. Ra3 Rg1+ 51.
Kf6 Rh1 52. Kg7 Rg1+ 53. Kh8 Kc5 54. Rf3 Kxc4 55. Rxf4+ Kd5 56. Rf7 c5 57. h7 Kxe5 58.
Rg7 Rh1 59. Kg8 c4 60. h8=Q Rxh8+ 61. Kxh8 Kd4 62. Rc7 e5 63. Kg7 e4 64. Kf6 e3 65.
Kf5 e2 66. Re7 Kd3 67. Kf4 Kd2 68. Rd7+ Kc2 69. Re7 Kd2 70. Rd7+ Ke1 71. Ke3 c3 72. Rh7 Kd1 73. Rd7+ Ke1 0-1

[Event "*** Titled Tuesday Blitz"]
[Site "Chess.com"]
[Date "2020.05.19"]
[Round "1"]
[White "DanielDardha2005"]
[Black "Angel_Hranitel_37"]
[Result "0-1"]
[WhiteElo "2650"]
[BlackElo "2373"]
[TimeControl "180+1"]
[EndTime "12:09:07 PDT"]
[Termination "Angel_Hranitel_37 won by resignation"]

1. Nf3 Nf6 2. g3 g6 3. Bg2 Bg7 4. O-O O-O 5. b3 d6 6. d4 Nbd7 7. Bb2 Re8 8. c4 c6 9. Nc3 Qc7 10. e4 e5 11. d5 Nc5 12. Ne1 a5 13. Nd3 Nfd7 14. a3 Nxd3 15. Qxd3 Nc5 16. Qc2 a4 17. b4 Nb3 18. Rad1 Nd4 19. Qd3 b6 20. dxc6 Qxc6 21.
Nd5 Bg4 22. f3 Be6 23. Rc1 Rac8 24. f4 Bxd5 25. cxd5 Qd7 26. f5 Rxc1 27. Bxc1 Rc8 28. Be3 Qb5 29. Qxb5 Nxb5 30. f6 Rc3 31. Bxb6 Bh6 32.
Rd1 Nxa3 33. Ra1 Rc1+ 34. Rxc1 Bxc1 35. Bf1 Nb1 36. Bc4 Nc3 37. Bc7 a3 38. Bxd6 a2 39. Bxa2 Nxa2 40. b5 Nc3 41. Bxe5 Nxb5 42. Kf2 Ba3 43.
Kf3 Bc5 44. Bb2 Kf8 45. e5 Ke8 46. Ke4 Kd7 47. g4 Bb4 48. h3 Ba5 49. Bc1 Bc3 50. Be3 Ba1 51. Bf2 Nc3+ 52. Kf4 Nxd5+ 53. Kg5 Bxe5 54.
Kh6 Nxf6 55. g5 Ne4 56. Be3 Ng3 57. Kxh7 Ke6 58. Bd2 Nf5 59. Bc1 Bg3 60. Bd2 Bf2 61. Bc3 Be3 62. Bf6 Nh4 63. Kg8 Nf3 64. Bd8 Bxg5 65.
Ba5 Bf4 66. Bc3 Ng5 67. Bb4 Nxh3 68. Kg7 g5 69. Kh6 g4+ 70. Kh5 g3 71. Kg4 g2 72. Bc5 g1=Q+ 73. Bxg1 Nxg1 74. Kxf4 f5 75. Kg3 Ne2+ 76. Kf3 Nc3 77. Ke3 Nb5 78. Kf4 Nc7 79. Kf3 Ke5 80. Ke3 f4+ 81. Kf3 Kf5 82. Kf2 Ke4 83.
Ke2 f3+ 84. Kf2 Kf4 85. Kf1 Ke3 86. Ke1 f2+ 87. Kf1 Nd5 0-1

[Event "*** Titled Tuesday Blitz"]
[Site "Chess.com"]
[Date "2020.05.19"]
[Round "1"]
[White "hoshor"]
[Black "Moon_stone123"]
[Result "1/2-1/2"]
[WhiteElo "2206"]
[BlackElo "2516"]
[TimeControl "180+1"]
[EndTime "12:09:11 PDT"]
[Termination "Game drawn by stalemate"]

1. d4 Nf6 2. c4 g6 3. Nc3 Bg7 4. e4 O-O 5. Nge2 d6 6. Ng3 c5 7. d5 e6 8. Be2 exd5 9. exd5 Re8 10. O-O a6 11. a4 Nbd7 12. h3 Qc7 13. Bg5 h6 14. Bd2 b6 15. f4 h5 16. Bd3 h4 17.
Nge2 Nh5 18. Qc2 Ndf6 19. f5 Bxf5 20. Bxf5 gxf5 21. Qxf5 Re5 22. Qf2 Rae8 23. Rae1 Qe7 24. Qxh4 Nxd5 25. Qxe7 Nxe7 26. g4 Nf6 27. Bf4 Re6 28.
Ng3 Ng6 29. Rxe6 Rxe6 30. Bd2 Nd7 31. Nf5 Ne7 32. Nxg7 Kxg7 33. Bf4 Ne5 34. Bxe5+ dxe5 35. Ne4 Ng6 36. Rd1 Nf4 37. Kh2 Rh6 38. Nf2 Re6 39. Ne4 Rh6 40. Nf2 Kf6 41. Kg3 Ke7 42. h4 f6 43. Ne4 Ne2+ 44. Kf2 Nd4 45. Kg3 Rg6 46. g5 f5 47. Nf6 Ke6 48. Nd5 Rg8 49. Rd2 Rb8 50.
h5 Kf7 51. Rf2 f4+ 52. Kg4 Ke6 53. h6 Rh8 54. Kh5 Nf5 55. Kg6 Rg8+ 56. Kh5 Ng3+ 57. Kg4 Ne4 58. Rh2 Nxg5 59. Nxb6 Nh7+ 60. Kf3 Kf5 61.
Nd5 e4+ 62. Ke2 f3+ 63. Ke3 Rg2 64. Rxg2 fxg2 65. Kf2 Ke5 66. Kxg2 Kd4 67. Kf2 Kxc4 68. Ne3+ Kb3 69. Ke2 Kxb2 70. Ng4 c4 71. Ke3 c3 72.
Kxe4 c2 73. Nf2 c1=Q 74. Nd3+ Kc2 75. Nxc1 Kxc1 76. Kd3 Kb2 77. Kc4 Ka3 78. a5 Ka4 79. Kc5 Kxa5 80. Kc4 Ka4 81. Kc3 a5 82. Kc2 Kb4 83. Kb1 a4 84. Ka2 Ka5 85. Kb2 Kb5 86. Ka2 Kb4 87. Kb2 a3+ 88. Ka2 Ka4 89. Ka1 Kb3 90.
Kb1 Nf6 91. Ka1 Nh7 92. Kb1 Ng5 93. Ka1 Nf7 94. h7 Nh8 95. Kb1 Ng6 96. Ka1 Kb4 97.
Ka2 Ka4 98. Ka1 Kb3 99. Kb1 a2+ 100. Ka1 Ka3 101. h8=Q Nxh8 1/2-1/2

[Event "*** Titled Tuesday Blitz"]
[Site "Chess.com"]
[Date "2020.05.19"]
[Round "1"]
[White "nurgyulsalimova"]
[Black "The_Machine04"]
[Result "1/2-1/2"]
[WhiteElo "2578"]
[BlackElo "2298"]
[TimeControl "180+1"]
[EndTime "12:09:14 PDT"]
[Termination "Game drawn by stalemate"]

1. d4 d6 2. Nf3 Nf6 3. g3 Nbd7 4. Bg2 e5 5. O-O Be7 6. c4 O-O 7. Nc3 c6 8. dxe5 dxe5 9. Bg5 h6 10. Bxf6 Bxf6 11.
Qc2 Qc7 12. Rfd1 Be7 13. Rac1 Nf6 14. Rd2 Be6 15. b3 Rfd8 16. Rcd1 Rxd2 17. Rxd2 Rd8 18. Rxd8+ Bxd8 19. Nd2 Be7 20. Nde4 Nxe4 21. Bxe4 Qd6 22.
Bf5 g6 23. Bxe6 Qxe6 24. Qd3 Kg7 25. Kg2 Qd6 26. Qxd6 Bxd6 27. Kf3 f5 28. e4 Bc5 29. Ke2 Kf6 30. f3 Bd4 31. Nb1 h5 32. Nd2 Bc3 33.
Nf1 f4 34. gxf4 exf4 35. Kd3 Bb4 36. Kd4 Ke6 37. c5 g5 38. Kc4 Be1 39. h3 Ke5 40.
Kd3 Bb4 41. Kc4 a5 42. Nh2 Be1 43. Nf1 g4 44. hxg4 hxg4 45. fxg4 Kxe4 46. g5 Kf5 47. Kd3 Kxg5 48. Ke2 Bb4 49. Kf3 Bxc5 50. Nd2 Kf5 51. Nc4 Bb4 52. Nb6 Ke5 53. Nc4+ Kf5 54. Nb6 Bc5 55. Nd7 Bd6 56. Nb6 Bc7 57. Nc4 b5 58.
Nd2 c5 59. Ne4 c4 60. bxc4 bxc4 61. Nc3 Ke5 62. Nb5 Ke6 63. Nxc7+ Kd6 64. Nb5+ Kc5 65. Nc3 Kb4 66. Nd5+ Ka3 67. Kxf4 Kxa2 68. Ke3 Kb3 69. Kd2 Kb2 70. Nc3 Kb3 71. Ne4 a4 72. Nc5+ Kb4 73. Nxa4 Kxa4 74. Kc3 Kb5 75. Kc2 Kb4 76.
Kb2 c3+ 77. Kc2 Kc4 78. Kc1 Kb3 79. Kb1 c2+ 80. Kc1 Kc3 1/2-1/2

[Event "*** Titled Tuesday Blitz"]
[Site "Chess.com"]
[Date "2020.05.19"]
[Round "1"]
[White "Zufi1811"]
[Black "Nara_Kh"]
[Result "1-0"]
[WhiteElo "2573"]
[BlackElo "2277"]
[TimeControl "180+1"]
[EndTime "12:09:14 PDT"]
[Termination "Zufi1811 won by checkmate"]

1. e4 c5 2. Nf3 d6 3. d4 Nf6 4.
Nc3 cxd4 5. Nxd4 a6 6. Bd3 g6 7. f3 Bg7 8. Be3 e5 9. Nb3 Be6 10. a4 Qc7 11. a5 Nbd7 12. O-O h5 13. Qd2 O-O 14. f4 exf4 15. Bxf4 Ng4 16. Kh1 Rae8 17. Be2 Nge5 18. Nd4 Nc5 19. b3 Bg4 20. Bf3 Bxf3 21. gxf3 Qd7 22. Nd5 Ne6 23. Be3 Nxd4 24. Bxd4 Qh3 25.
Qg2 Qxg2+ 26. Kxg2 Kh7 27. Rad1 Rc8 28. c4 Nc6 29.
Bxg7 Kxg7 30. Nb6 Rcd8 31. Rd5 Nb4 32. Rd2 Nc6 33. Ra1 Ne5 34. Nd5 Rfe8 35. Rad1 Nc6 36. b4 f5 37. exf5 gxf5 38. Nf4 Kf6 39. Nxh5+ Kg5 40.
Ng3 Re3 41. Rd5 Ne7 42. Kf2 Rc3 43. R5d4 Nc6 44. f4+ Kf6 45. Rxd6+ Rxd6 46. Rxd6+ Ke7 47. Nxf5+ Ke8 48. b5 Rxc4 49. bxc6 bxc6 50. Re6+ Kf7 51. Re5 Kf6 52. Kg3 Rc3+ 53. Kg4 Rc2 54. Re8 Rxh2 55. Ng3 Ra2 56. Rc8 Rxa5 57. Rxc6+ Kf7 58. f5 Ra4+ 59.
Kg5 Ra3 60. Nh5 Ra1 61. Rc7+ Ke8 62. Kf6 Kd8 63. Ra7 Rb1 64. Ng7 Rb5 65. Ne6+ Kc8 66. Ke7 Kb8 67. Rd7 Rb7 68. Rxb7+ Kxb7 69. f6 a5 70. f7 a4 71. f8=Q a3 72. Qf3+ Kb6 73.
Qxa3 Kb5 74. Qc5+ Ka4 75. Qb6 Ka3 76. Kd6 Ka2 77. Kd5 Ka3 78. Kd4 Ka2 79. Kc3 Ka3 80.
Qb3# 1-0

[Event "*** Titled Tuesday Blitz"]
[Site "Chess.com"]
[Date "2020.05.19"]
[Round "1"]
[White "Torrentec"]
[Black "IMRosen"]
[Result "0-1"]
[WhiteElo "2301"]
[BlackElo "2598"]
[TimeControl "180+1"]
[EndTime "12:09:24 PDT"]
[Termination "IMRosen won on time"]

1. e4 c5 2. Nf3 e6 3. d4 cxd4 4. Nxd4 Nc6 5. Nxc6 bxc6 6. Bd3 d5 7. Qe2 Nf6 8. Nd2 Be7 9. Nf3 dxe4 10. Bxe4 Nxe4 11.
Qxe4 Qd5 12. Qg4 O-O 13. O-O e5 14. Qh5 e4 15. Qxd5 cxd5 16. Nd4 Rb8 17. Nc6 Rb7 18. Nxe7+ Rxe7 19. Be3 Rc7 20. c3 Be6 21. Rfd1 Rb7 22.
b4 Rc8 23. Bd4 f6 24. a4 Kf7 25. b5 Rc4 26. Rdb1 Bd7 27. Rb4 Rc8 28. Rab1 Bf5 29. R1b2 Ke8 30. a5 Rbc7 31. b6 axb6 32. axb6 Rb7 33.
Rb5 Be6 34. f3 f5 35. Kf2 Kd8 36. h4 g6 37. Ke3 Kd7 38. Kf4 Kd6 39. Be5+ Kc6 40.
Bc7 Ra8 41. Ke5 Bg8 42. Kd4 Ra4+ 43. R5b4 Ra1 44. Rb5 Rd1+ 45. Ke3 Rd3+ 46. Kf2 Rxc3 47. Ra5 d4 48. Ra8 Be6 49. Re8 Kd7 50. Rd8+ Ke7 51.
Rxd4 Rcxc7 52. fxe4 fxe4 53. Rxe4 Rc6 54. Reb4 Bd5 55. Re2+ Re6 56. Rd2 Bc6 57. g4 h5 58.
gxh5 gxh5 59. Kg3 Rf6 60. Rb3 Ke6 61. Re3+ Kf7 62. Rb2 Rb8 63. Rc3 Rg8+ 64. Kh2 Rb8 65. Rbc2 Be4 66. Rc7+ Kg6 67. R2c4 Bf5 68. R7c6 Rxb6 69.
Rxb6 Rxb6 70. Rc7 Rf6 71. Kg3 Bg4 72. Rc5 Rf3+ 73. Kg2 Rh3 74. Rg5+ Kh6 75. Rd5 Rxh4 76. Rd6+ Kg5 77. Rd5+ Kg6 78. Kg3 Rh3+ 79. Kg2 Rf3 80. Rd6+ Rf6 81. Rd4 Kg5 82. Rd5+ Rf5 83. Rd8 Kf4 84.
Rd4+ Kg5 85. Rd8 Ra5 86. Rg8+ Kh4 87. Kg1 Ra2 88. Rd8 Kg3 89. Kf1 Ra1+ 0-1

[Event "*** Titled Tuesday Blitz"]
[Site "Chess.com"]
[Date "2020.05.19"]
[Round "1"]
[White "ChessBitl"]
[Black "FelixBlohberger"]
[Result "1/2-1/2"]
[WhiteElo "2316"]
[BlackElo "2596"]
[TimeControl "180+1"]
[EndTime "12:09:27 PDT"]
[Termination "Game drawn by repetition"]

1. e4 c5 2. Nf3 d6 3. d4 cxd4 4. Nxd4 Nf6 5. f3 e5 6. Bb5+ Bd7 7. Bxd7+ Nbxd7 8. Nf5 d5 9. exd5 Bc5 10. Nc3 O-O 11. Bg5 Qb6 12. Na4 Qa5+ 13. c3 h6 14. Nxc5 hxg5 15.
Nxd7 Nxd7 16. O-O Rfd8 17. Kh1 Nb6 18. Qd2 f6 19. Rfd1 Nxd5 20. c4 Qxd2 21. Rxd2 Nb6 22. Rad1 Rxd2 23. Rxd2 g6 24. Ne3 Rc8 25. b3 Kf7 26. a4 a5 27. Rd6 Rc6 28. Rd8 Rc8 29. Rd3 Ke7 30. Nd5+ Nxd5 31. Rxd5 b6 32. h3 Rd8 33. Rb5 Rd6 34. c5 bxc5 35. Rxc5 Rb6 36. Rxa5 Rxb3 37. Ra6 Ra3 38. a5 Ra2 39. Kh2 Ra3 40. Kg3 Ra2 41. Ra8 Ke6 42. a6 Kf5 43. a7 Ra3 44. Kf2 Kf4 45. g3+ Kf5 46. Ke2 Ra2+ 47.
Kd3 Ra4 48. Kc3 Ra1 49. Kb2 Ra6 50. Kb3 Ra1 51. Kb4 Rb1+ 52. Kc5 Rc1+ 53. Kb6 Ra1 54. Kc7 Rc1+ 55. Kb7 Rb1+ 56. Kc7 Rc1+ 57. Kd6 Ra1 58. Ke7 Ra6 59. Kf7 Ra5 60. Kg7 Ra6 61. Kh6 Ra3 62. g4+ Kf4 63. Rf8 Kxf3 64. Rxf6+ Kg3 65. Kxg5 Kxh3 66. Rxg6 Rxa7 67. Rh6+ Kg3 68. Rg6 e4 69. Kf5 e3 70. Re6 Kf2 71. g5 e2 72. g6 Ra5+ 73. Kf6 Ra6 74. Rxa6 e1=Q 75. g7 Qc3+ 76. Kf7 Qc4+ 77. Re6 Qc7+ 78. Kg6 Qg3+ 79. Kf7 Qc7+ 80. Kf8 Qc8+ 81. Ke7 Qc7+ 82. Kf6 Qf4+ 83. Kg6 Qg4+ 84.
Kf7 Qh5+ 85. Ke7 Qc5+ 86. Kf7 Qh5+ 87. Rg6 Qd5+ 88. Re6 Qh5+ 1/2-1/2

[Event "*** Titled Tuesday Blitz"]
[Site "Chess.com"]
[Date "2020.05.19"]
[Round "1"]
[White "Gloomy_Wanderer"]
[Black "Gvetadze"]
[Result "1-0"]
[WhiteElo "2763"]
[BlackElo "2405"]
[TimeControl "180+1"]
[EndTime "12:09:29 PDT"]
[Termination "Gloomy_Wanderer won by resignation"]

1. d4 Nf6 2. Nf3 g6 3. c4 Bg7 4.
g3 O-O 5. Bg2 c5 6. O-O cxd4 7.
Nxd4 Nc6 8. Nc3 a6 9. c5 Qa5 10. Nb3 Qc7 11. Bf4 Qd8 12. Qd2 Nh5 13. Bh6 Bxh6 14. Qxh6 Qc7 15. Rfd1 Qe5 16. Rd5 Qg7 17.
Qxg7+ Kxg7 18. Rad1 Nf6 19. R5d2 Ne5 20. Na4 d6 21.
cxd6 exd6 22. Rxd6 Be6 23. Bxb7 Rab8 24. Bxa6 Bxb3 25. axb3 Rxb3 26. R1d2 Ne4 27. R6d4 Nxd2 28. Rxd2 Rb4 29. Nc5 Rfb8 30. b3 R8b6 31. f4 Ng4 32.
Bc4 Ne3 33. Nd7 Rb7 34. Ne5 f6 35. Nf3 Nxc4 36. bxc4 Rxc4 37. Kf2 Rbc7 38. Rd6 R4c6 39. Rd3 Kf7 40. Rd4 Ke7 41. Rd3 Rd7 42. Ra3 Rc2 43.
Re3+ Kf7 44. Ne1 Ra2 45. Nf3 Re7 46. Rxe7+ Kxe7 47. Ke3 Ra3+ 48. Kf2 Kd6 49. Nd2 Kd5 50. Nf3 Ra2 51. Ke3 Ra3+ 52. Kf2 Ke4 53. Nd2+ Kd4 54. Nf3+ Kc3 55. h3 Kc2 56. Nd4+ Kd1 57. Nb5 Rb3 58.
Nd4 Rb2 59. g4 Rd2 60. Ke3 Ra2 61. Kf2 Kd2 62. Nf3+ Kd1 63. Nd4 Ra4 64. Ke3 Ra3+ 65.
Ke4 Rxh3 66. e3 Kd2 67. Nf3+ Ke2 68. Ng1+ Kf2 69. Nxh3+ Kg2 70. g5 f5+ 71. Ke5 Kxh3 72. Kf6 Kg4 73. Kg7 Kf3 74. Kxh7 Kxe3 75. Kxg6 Kxf4 76.
Kh6 Ke4 77. g6 f4 78. g7 f3 79. g8=Q f2 80. Qg2+ Ke3 81. Qf1 Kf3 82. Kh5 Kg3 83.
Kg5 Kf3 84. Kh4 Ke3 85. Kg3 1-0